 Dungeon Crawl Stone Soup version 0.31.0-1-g2c135a008e (webtiles) character file.

Game seed: 14675738535010655080

472 qw the Shooter (level 7, -3/52 HPs)
             Began as a Djinni Hunter on Jan 23, 2024.
             Slain by a wyvern (7 damage)
             ... on level 5 of the Dungeon.
             The game lasted 00:00:15 (3766 turns).

qw the Shooter (Djinni Hunter)                      Turns: 3766, Time: 00:00:15

Health: -3/52      AC:  8    Str: 10    XL:     7   Next: 31%
Gold:   197        EV: 11    Int: 11    God:
                   SH:  0    Dex: 18

rFire   + + .        a - +2 shortbow (elec)
rCold   . . .        (shield currently unavailable)
rNeg    . . .        k - +1 ring mail {rC+}
rPois   inf          (no helmet)
rElec   .            b - +0 cloak
rCorr   .            l - +0 pair of gloves
SInv    .            (boots unavailable)
Will    .....        (no amulet)
Stlth   +            (no ring)
HPRegen 0.28/turn    (no ring)
MPRegen 0.00/turn

%: infuse magic (-4 HP)
@: flying
A: sickness immunity, fire resistance 2, cold vulnerability 1, float, innate
caster, HP casting, extra vitality 1
a: no special abilities


You were on level 5 of the Dungeon.
You visited 1 branch of the dungeon, and saw 5 of its levels.

You collected 249 gold pieces.
You spent 52 gold pieces at shops.


Innate Abilities, Weirdness & Mutations

You are immune to sickness and miasma.
You are immune to poison.
Your flesh is very heat resistant. (rF++)
You are vulnerable to cold. (rC-)
You float through the air rather than walking.
You learn spells naturally, not from books.
Your magical power is your life essence.
You have superior vitality. (+4 MHP)


   Skills:
 - Level 4.0 Fighting
 + Level 5.7 Ranged Weapons
 - Level 1.0 Armour
 - Level 3.4 Dodging
 - Level 0.7 Stealth


You knew the following spells:

 Your Spells              Type           Power      Damage    Failure   Level
a - Foxfire               Conj/Fire      0%         2x1d4     65%         1
b - Static Discharge      Conj/Air       0%         3-3/arc   80%         2
c - Confusing Touch       Hex            0%         N/A       95%         3
Your spell library was empty.

Inventory:

Hand Weapons
 a - a +2 shortbow of electrocution (weapon)
Armour
 b - a +0 cloak (worn)
 k - a +1 ring mail of cold resistance (worn)
 l - a +0 pair of gloves (worn)
Wands
 d - a wand of polymorph (8)
 j - a wand of flame (19)
Scrolls
 c - 3 scrolls of identify
 f - 2 scrolls of teleportation
Potions
 e - 2 potions of heal wounds
 g - a potion of enlightenment {unknown}
 h - a potion of might
 n - a potion of mutation

Dungeon Overview and Level Annotations

Branches:
Dungeon (5/15)
 Temple: D:4-7

Altars:
Hepliaklqana
Ru
Wu Jian
Xom

Shops:
D:2 *


Message History

There is an open door here.
A jelly comes into view.
The jelly quivers.
You shoot an arrow. The arrow hits the jelly.
The jelly is moderately wounded.
You shoot an arrow. The arrow hits the jelly!
The jelly is almost dead.
You shoot an arrow. The arrow hits the jelly!
You kill the jelly!
You see here a ring of magical power.
Found a stone staircase leading down.
g - a cyan potion
There is a stone staircase leading down here.
c - 3 scrolls of identify (gained 1)
There is a stone staircase leading up here.
A wyvern comes into view.
The wyvern hisses angrily.
You shoot an arrow.
The arrow hits the wyvern but does no damage.
The wyvern misses you. The wyvern bites you.
You shoot an arrow. The arrow barely misses the wyvern.
The wyvern bites you! The wyvern bites you.
You shoot an arrow. The arrow barely misses the wyvern.
The wyvern closely misses you.
The wyvern bites you but does no damage.
You shoot an arrow. The arrow hits the wyvern!
The wyvern is moderately wounded.
The wyvern closely misses you. The wyvern bites you.
You shoot an arrow.
The arrow hits the wyvern but does no damage.
The wyvern is moderately wounded.
The wyvern bites you but does no damage.
You shoot an arrow.
The arrow hits the wyvern but does no damage.
The wyvern is moderately wounded.
The wyvern bites you! The wyvern bites you.
You shoot an arrow. The arrow hits the wyvern.
The wyvern is heavily wounded.
The wyvern bites you! x2
You die...

#..####..#..[..#
#..#.##..#.....#
#..#.#......##.#
#....#...##.##.#
#%.....####<...#
#....####......:##
#.##.# #.......#
##### #. #.#
#.#...#.# #...# #
..#
#.@..##.#####.#.#
###
#k##.#####....#.###
#.##...# #.####....
..####.###.# ####.
P..#........# #.
.~P.#.#...####
#####. .P~P.# #...#
#.....
#.....#.....#
##.###. #######
#.....<


You could see a wyvern.

Vanquished Creatures
  2 scorpions
  A bombardier beetle (D:4)
  2 jellies
  An orc priest (D:4)
  An iguana (D:5)
  2 orc wizards
  3 adders
  4 gnolls (D:4)
  2 ufetubi (D:4)
  A dart slug (D:4)
  2 ribbon worms
  2 orcs (D:4)
  8 endoplasms
  4 giant cockroaches
  5 goblins
  3 hobgoblins
  3 jackals (D:2)
  4 kobolds (D:1)
  A quokka (D:2)
  10 ball pythons
  7 bats
  8 frilled lizards
  4 rats
80 creatures vanquished.

Notes
Turn   | Place    | Note
-------+----------+-------------------------------------------
     0 | D:1      | qw the Djinni Hunter began the quest for the Orb.
     0 | D:1      | Reached XP level 1. HP: 18/18 MP: 0/0
     0 | D:1      | 0 ||| qw: Version: 0.3-a-136-gdd3b4e8
     0 | D:1      | 0 ||| qw: Game counter: 1037
     0 | D:1      | 0 ||| qw: Melee chars always use a shield: true
     0 | D:1      | 0 ||| qw: God list: Okawaru
     0 | D:1      | 0 ||| qw: Allow faded altars: false
     0 | D:1      | 0 ||| qw: Do Orc after clearing Dungeon:15 true
     0 | D:1      | 0 ||| qw: Do second Lair branch before Depths: true
     0 | D:1      | 0 ||| qw: Lair rune preference: random
     0 | D:1      | 0 ||| qw: Goals: Normal
     0 | D:1      | 0 ||| PLANNING D:1-11
    77 | D:1      | Found a faded altar of an unknown god.
   355 | D:1      | Reached XP level 2. HP: 23/23 MP: 0/0
   602 | D:1      | Reached XP level 3. HP: 28/28 MP: 0/0
   602 | D:1      | Learned a level 1 spell: Foxfire
   622 | D:1      | Reached skill level 4 in Ranged Weapons
  1018 | D:1      | 1018 ||| UPGRADING to +0 ring mail.
  1028 | D:1      | 1028 ||| DROPPING +0 leather armour.
  1029 | D:1      | 1029 ||| DROPPING scroll of butterflies.
  1317 | D:2      | Reached skill level 1 in Armour
  1341 | D:2      | Found Vaafek's General Store.
  1349 | D:2      | 1349 ||| SHOPLISTING ring of positive energy (260 gold,
                  | have 66).
  1349 | D:2      | 1349 ||| BUYING scroll of identify (26 gold).
  1349 | D:2      | Bought a scroll of identify for 26 gold pieces
  1349 | D:2      | 1349 ||| BUYING scroll of identify (26 gold).
  1349 | D:2      | Bought a scroll of identify for 26 gold pieces
  1349 | D:2      | 1349 ||| SHOPLISTING scroll of teleportation (39 gold, have
                  | 14).
  1376 | D:2      | Reached XP level 4. HP: 34/34 MP: 0/0
  1718 | D:2      | 1718 ||| READING 2 scrolls of identify.
  1718 | D:2      | 1718 ||| IDENTIFYING lumpy cyan potion
  1719 | D:2      | 1719 ||| READING scroll of identify.
  1719 | D:2      | 1719 ||| IDENTIFYING metallic orange potion
  1720 | D:2      | 1720 ||| READING scroll labelled FEOXEFR ZEEP.
  1821 | D:2      | 1821 ||| READING 2 scrolls labelled RIXARI ZORINKY.
  1822 | D:2      | 1822 ||| READING scroll labelled VECICVYLLE.
  1885 | D:2      | 1885 ||| DROPPING scroll of immolation.
  1886 | D:2      | 1886 ||| DROPPING potion of berserk rage.
  1989 | D:3      | Reached skill level 3 in Fighting
  2409 | D:3      | 2409 ||| UPGRADING to +0 cloak.
  2414 | D:3      | 2414 ||| UPGRADING to +1 ring mail of cold resistance.
  2424 | D:3      | 2424 ||| DROPPING +0 ring mail.
  2425 | D:3      | 2425 ||| READING scroll labelled LOUVOE GETSUI.
  2426 | D:3      | 2426 ||| READING scroll labelled KIDICL COLESE.
  2426 | D:3      | 2426 ||| BRANDING +0 shortbow.
  2427 | D:3      | 2427 ||| READING scroll labelled YPNUXOXKYCS.
  2430 | D:3      | 2430 ||| READING scroll labelled COGGA NIXE.
  2430 | D:3      | 2430 ||| ENCHANTING +0 shortbow of electrocution.
  2431 | D:3      | 2431 ||| DRINKING 2 yellow potions.
  2546 | D:4      | 2546 ||| READING scroll of enchant weapon.
  2546 | D:4      | 2546 ||| ENCHANTING +1 shortbow of electrocution.
  2578 | D:4      | Reached XP level 5. HP: 40/40 MP: 0/0
  2578 | D:4      | Learned a level 2 spell: Static Discharge
  2681 | D:4      | Found a sacrificial altar of Ru.
  2712 | D:4      | Reached skill level 5 in Ranged Weapons
  2762 | D:4      | Reached skill level 3 in Dodging
  2762 | D:4      | Reached XP level 6. HP: 46/46 MP: 0/0
  2857 | D:4      | 2857 ||| FLEEEEING.
  2858 | D:4      | 2858 ||| FLEEEEING.
  2859 | D:4      | 2859 ||| FLEEEEING.
  2860 | D:4      | 2860 ||| FLEEEEING.
  2861 | D:4      | 2861 ||| FLEEEEING.
  2862 | D:4      | 2862 ||| DRINKING black potion.
  2863 | D:4      | 2863 ||| FLEEEEING.
  2864 | D:4      | 2864 ||| FLEEEEING.
  2865 | D:4      | 2865 ||| FLEEEEING.
  2866 | D:4      | 2866 ||| FLEEEEING.
  2867 | D:4      | 2867 ||| FLEEEEING.
  2868 | D:4      | 2868 ||| FLEEEEING.
  2869 | D:4      | 2869 ||| FLEEEEING.
  2870 | D:4      | 2870 ||| FLEEEEING.
  2871 | D:4      | 2871 ||| FLEEEEING.
  2872 | D:4      | 2872 ||| FLEEEEING.
  2873 | D:4      | 2873 ||| FLEEEEING.
  2874 | D:4      | 2874 ||| FLEEEEING.
  2875 | D:4      | 2875 ||| FLEEEEING.
  2876 | D:4      | 2876 ||| FLEEEEING.
  2877 | D:4      | 2877 ||| FLEEEEING.
  2878 | D:4      | 2878 ||| FLEEEEING.
  2879 | D:4      | 2879 ||| FLEEEEING.
  2880 | D:4      | 2880 ||| FLEEEEING.
  2881 | D:4      | 2881 ||| FLEEEEING.
  2882 | D:4      | 2882 ||| FLEEEEING.
  2883 | D:4      | 2883 ||| FLEEEEING.
  2884 | D:4      | 2884 ||| FLEEEEING.
  2885 | D:4      | 2885 ||| STAIRDANCE
  2941 | D:3      | 2941 ||| UPGRADING to +0 pair of gloves.
  2946 | D:3      | 2946 ||| READING scroll of identify.
  2946 | D:3      | 2946 ||| IDENTIFYING fuming puce potion
  2947 | D:3      | 2947 ||| READING scroll labelled GUB HOLOMUTH.
  2948 | D:3      | 2948 ||| READING scroll labelled EXIGAF HAGATSU.
  3049 | D:3      | 3049 ||| DROPPING potion of invisibility.
  3061 | D:4      | 3061 ||| STAIRDANCE
  3274 | D:4      | Found a shimmering altar of Xom.
  3275 | D:4      | Found a hazy altar of Hepliaklqana.
  3276 | D:4      | Noticed a spectral ugly thing
  3489 | D:4      | 3489 ||| READING 3 scrolls of identify.
  3489 | D:4      | 3489 ||| IDENTIFYING smoky emerald potion
  3520 | D:5      | Entered Level 5 of the Dungeon
  3542 | D:5      | Reached XP level 7. HP: 50/52 MP: 0/0
  3542 | D:5      | Learned a level 3 spell: Confusing Touch
  3650 | D:5      | Found an ornate altar of the Wu Jian Council.
  3759 | D:5      | Noticed a wyvern
  3766 | D:5      | HP: 4/52 [wyvern (16)]
  3766 | D:5      | Slain by a wyvern

Levels and vault maps discovered:
D:1:      minmay_arrival_plants_in_alcoves, layout_basic,
          hellmonk_ecumenical_altar_run_dry, nicolae_wormholes
D:2:      layout_loops_cross, serial_shops, shop_fountains, moated_statue
D:3:      layout_loops_ring, grunt_ministairs_10
D:4:      layout_basic, regret_index_temple_of_mockery, marbit_many_paths
D:5:      layout_basic, nicolae_wu_jian_glorious_leap, tso_oasis_becter

Skill      XL: |  1  2  3  4  5  6 |
---------------+-------------------+-----
Ranged Weapons | 4 5 |  5.7
Armour         | 1 |  1.0
Fighting       | 3 4 |  4.0
Dodging        | 3 |  3.4
Stealth        | |  0.7

Action                     |  1- 3 |  4- 6 |  7- 9 || total
---------------------------+-------+-------+-------++-------
   Fire: Shortbow          |   124 |   129 |    11 ||   264
    Use: Scroll            |       |    14 |       ||    14
         Potion            |       |     2 |       ||     2
 Armour: Leather armour    |    12 |       |       ||    12
         Ring mail         |    31 |    56 |    10 ||    97
  Dodge: Dodged            |    49 |    34 |     3 ||    86

Table legend:
 A = Non-vault XP
 B = Vault XP
 C = Vault XP percentage of total XP
 D = Non-vault monster count
 E = Vault monster count
 F = Vault count percentage of total count
                 A         B        C        D         E       F
            +---------+---------+-------+---------+---------+-------
      Total |     609 |      66 |   9.8 |      75 |       5 |   6.2
            +---------+---------+-------+---------+---------+-------
        D:1 |      34 |       4 |  10.5 |      24 |       1 |   4.0
        D:2 |      41 |       5 |  10.9 |      18 |       1 |   5.3
        D:3 |      65 |      14 |  17.7 |      11 |       2 |  15.4
        D:4 |     302 |      43 |  12.5 |      19 |       1 |   5.0
        D:5 |     167 |       0 |   0.0 |       3 |       0 |   0.0
            +---------+---------+-------+---------+---------+-------
